Map: Dusk Towers

Players

uThermal

  • Race: Terran Terran
  • League: Grandmaster

DeMusliM - Winner!

  • Race: Terran Terran
  • League: Grandmaster

Event: Homestory Cup XII

VOD

Have the link to the VOD?

Description

Time

  • Played on: Dec. 19, 2015, 11:10 a.m.
  • Length: 15:01

All games in this series

Show
View Real Time Build Order
Export as new Build Order

uThermal Terran 

Build Orders: Reaper Expand, Bio Tank 

Get SALT Encoding   

  12  0:01  SCV  
  13  0:13  SCV  
  14  0:17  Supply Depot  
  14  0:25  SCV  
  15  0:39  SCV  
  15  0:40  Barracks  
  16  0:43  Refinery  
  16  0:51  SCV  
  17  1:03  SCV  
  18  1:15  SCV  
  19  1:27  Orbital Command  
  19  1:28  Reaper  
  20  1:40  Command Center  
  20  1:50  Supply Depot  
  20  1:53  SCV  
  21  2:00  Marine  
  22  2:05  SCV  
  23  2:10  Factory  
  23  2:17  SCV  
  23  2:19  Refinery  
  23  2:20  Barracks Reactor  
  23  2:29  SCV  
  24  2:41  SCV  
  24  2:52  Orbital Command  
  24  2:53  SCV  
  24  2:56  Starport, Marine x2  
  24  2:57  Hellion  
  30  3:05  SCV  
  30  3:14  Marine x2  
  30  3:17  SCV  
  30  3:18  SCV  
  30  3:19  Hellion  
  36  3:27  Supply Depot  
  36  3:29  SCV  
  36  3:32  Medivac, Marine x2  
  41  3:40  Hellion  
  41  3:41  SCV  
  44  3:42  SCV  
  45  3:49  Marine  
  45  3:50  Marine  
  45  3:51  Engineering Bay  
  45  3:53  SCV  
  45  3:54  SCV  
  43  4:04  Viking  
  43  4:05  SCV  
  43  4:07  Marine  
  43  4:08  SCV  
  50  4:22  SCV x2  
  50  4:34  SCV x2  
  50  4:39  Barracks  
  50  4:40  Barracks  
  50  4:43  Marine x2  
  50  4:45  Factory Tech Lab  
  52  4:46  SCV  
  52  4:47  Supply Depot  
  52  4:48  SCV  
  54  5:00  Terran Infantry Weapons Level 1  
  54  5:02  Supply Depot  
  54  5:04  Starport Reactor  
  54  5:08  Refinery  
  54  5:09  SCV x2, Marine  
  54  5:12  Supply Depot, Marine  
  58  5:14  Factory Tech Lab  
  60  5:21  SCV x2  
  52  5:35  SCV  
  52  5:36  SCV  
  52  5:38  Factory Tech Lab  
  52  5:39  Barracks  
  52  5:40  Barracks, Marine  
  52  5:41  Marine x2  
  52  5:42  Stimpack, Marine  
  58  5:43  Combat Shields  
  58  5:48  SCV x2  
  60  5:52  Refinery  
  60  5:56  Supply Depot  
  60  5:59  Marine  
  60  6:00  SCV x2, Marine x3  
  66  6:05  Medivac x2  
  70  6:12  SCV x2  
  70  6:13  Supply Depot  
  70  6:15  Siege Tank  
  75  6:20  Supply Depot, Marine  
  75  6:24  SCV x2  
  78  6:27  Barracks Reactor x2  
  78  6:34  Medivac, Marine  
  78  6:35  Medivac, Marine  
  84  6:44  Supply Depot  
  84  6:45  Supply Depot  
  84  6:50  Siege Tank  
  87  6:57  Command Center  
  87  7:00  Marine x2  
  89  7:01  Terran Infantry Armor Level 1  
  89  7:05  Medivac  
  89  7:07  Medivac  
  93  7:08  Marine  
  93  7:11  Marine x2  
  93  7:14  Marine  
  93  7:15  Marine  
  98  7:22  Marine  
  99  7:23  Marine  
  98  7:33  Siege Tank  
  98  7:34  Marine  
  98  7:35  Marine, Medivac  
  92  7:38  Medivac  
  92  7:39  Marine  
  92  7:40  SCV x2  
  92  7:41  Marine x2  
  92  7:42  Marine x2  
  98  7:49  Marine  
  99  7:52  SCV x2, Marine  
  99  7:54  Marine  
  99  7:55  Factory  
  99  7:57  Marine  
  104  8:00  Armory  
  104  8:04  Refinery, Marine x2  
  104  8:05  Marine  
  107  8:11  SCV x2  
  109  8:16  SCV  
  109  8:17  Marine  
  111  8:23  SCV x2, Marine  
  111  8:24  Marine x2  
  111  8:25  Marine  
  111  8:26  Siege Tank  
  120  8:31  Orbital Command  
  120  8:35  SCV x2  
  120  8:37  Supply Depot  
  120  8:40  Supply Depot, Factory Tech Lab  
  122  8:45  Sensor Tower, Marine  
  122  8:46  Marine  
  124  8:53  SCV x2  
  126  8:55  Marine x2  
  126  8:57  Marine  
  126  8:58  Siege Tank, Marine  
  126  9:00  Marine  
  133  9:02  Marine  
  133  9:06  SCV  
  133  9:07  Marine x2  
  134  9:11  Siege Tank  
  134  9:13  Marine x2  
  134  9:14  Marine  
  134  9:16  Marine  
  104  9:31  Medivac  
  104  9:32  Marine x2  
  104  9:33  Marine x2  
  104  9:35  Siege Tank  
  104  9:37  Marine x2  
  104  9:38  Barracks, Marine x2  
  117  9:40  Barracks  
  117  9:42  Barracks  
  117  9:43  Siege Tank  
  120  9:46  Medivac  
  120  9:49  Marine  
  120  9:50  Marine  
  120  9:51  Marine x2  
  126  9:55  Marine x3  
  126  9:56  Supply Depot  
  126  9:57  Terran Infantry Weapons Level 2  
  126  9:58  Supply Depot  
  129  10:00  Terran Vehicle Weapons Level 1  
  129  10:02  Marine  
  130  10:07  Marine x2  
  130  10:09  Marine  
  130  10:12  Marine  
  130  10:13  Marine  
  130  10:14  Marine x2  
  135  10:20  Marine  
  136  10:22  Medivac  
  136  10:25  Marine x2  
  136  10:26  Marine x2  
  136  10:27  Marine  
  143  10:29  Marine  
  143  10:30  Marine  
  143  10:31  Medivac, Marine x2  
  121  10:45  Marine x3  
  121  10:46  Siege Tank  
  121  10:47  Marine  
  126  10:52  Medivac, Marine  
  126  10:54  Siege Tank  
  129  10:57  Barracks Reactor x3  
  129  10:58  Marine  
  129  11:01  Medivac  
  129  11:02  Marine x2  
  134  11:04  Marine  
  135  11:11  Marine x2  
  135  11:17  Marine  
  135  11:18  Siege Tank  
  141  11:19  Marine  
  141  11:21  Marine  
  141  11:22  Marine  
  144  11:26  Siege Tank  
  135  11:38  Marine  
  117  11:40  Marine x2  
  117  11:41  Marine  
  117  11:42  Medivac, Marine x3  
  117  11:43  Marine  
  125  11:48  Marine  
  125  11:49  Command Center  
  125  11:50  Siege Tank  
  125  11:58  Siege Tank  
  128  12:02  Marine  
  128  12:03  Marine  
  128  12:07  Marine x3  
  133  12:09  Marine  
  133  12:12  Terran Infantry Armor Level 2  
  133  12:13  Marine x3  
  137  12:20  Marine  
  137  12:22  Siege Tank, Marine  
  142  12:23  Orbital Command  
  142  12:25  Marine x2  
  142  12:28  Marine  
  146  12:30  Siege Tank  
  146  12:35  Medivac  
  150  12:37  Medivac  
  150  12:38  Marine  
  150  12:40  Marine  
  150  12:43  Marine x2  
  153  12:58  Marine  
  135  13:00  Siege Tank, Marine x2  
  135  13:01  Marine  
  135  13:03  Marine  
  113  13:07  Marine x2  
  113  13:11  Marine x2  
  107  13:14  Marine  
  107  13:15  Marine  
  107  13:16  Medivac  
  111  13:23  Marine x2  
  111  13:26  Marine x2  
  113  13:28  Siege Tank  
  113  13:33  Marine  
  113  13:34  Marine x2  
  112  13:35  Marine x2  
  112  13:38  Medivac  
  118  13:43  Marine  
  118  13:44  Marine  
  118  13:46  Medivac  
  122  13:51  Marine x3  
  122  13:52  Marine  
  122  13:53  Marine x2  
  128  14:00  Marine  
  128  14:01  Marine x2  
  128  14:02  Marine x2  
  133  14:03  Marine  
  133  14:04  Marine  
  133  14:09  Marine x3  
  136  14:11  Marine  
  136  14:13  Marine  
  136  14:14  Marine  
  141  14:19  Marine x2  
  141  14:20  Orbital Command  
  141  14:23  Marine  
  139  14:25  Marine  
  139  14:28  Marine  
  139  14:29  Marine  
  145  14:35  Marine  
  145  14:37  Marine  
  146  14:39  Marine x2  
  146  14:42  Marine  
  146  14:43  Refinery  
Show
View Real Time Build Order
Export as new Build Order

DeMusliM Terran - Winner!

Build Orders: 1/1/1, Bio Tank, Widow Mine Drop 

Get SALT Encoding   

  12  0:00  SCV  
  13  0:12  SCV  
  14  0:19  Supply Depot  
  14  0:25  SCV  
  14  0:27  Refinery  
  15  0:40  SCV  
  16  0:44  Barracks  
  16  0:52  SCV  
  17  1:04  SCV  
  18  1:17  SCV  
  19  1:31  Marine, Orbital Command  
  20  1:33  Supply Depot  
  20  1:35  Factory  
  20  1:49  Marine  
  21  1:59  SCV  
  22  2:05  Refinery  
  22  2:07  Marine  
  23  2:11  SCV  
  24  2:20  Hellion, Starport  
  26  2:23  Supply Depot, SCV  
  26  2:25  Marine  
  28  2:35  SCV  
  29  2:40  Widow Mine  
  31  2:44  Marine  
  31  2:48  SCV  
  31  2:50  Supply Depot  
  33  2:56  Medivac  
  35  3:02  SCV, Marine  
  37  3:10  Hellion  
  39  3:16  SCV  
  39  3:19  Command Center  
  40  3:27  Barracks Reactor  
  40  3:30  SCV  
  40  3:31  Factory Tech Lab  
  41  3:38  Supply Depot  
  41  3:40  Engineering Bay  
  41  3:45  SCV  
  42  3:50  Cyclone  
  43  4:05  Marine x2  
  43  4:06  Viking  
  47  4:12  SCV  
  48  4:24  SCV, Siege Tank  
  52  4:38  Command Center  
  50  4:41  Marine x2  
  50  4:44  SCV  
  53  4:48  Orbital Command  
  53  4:56  Siege Tank  
  56  5:02  SCV  
  57  5:09  Barracks  
  57  5:11  Barracks  
  57  5:15  SCV x2  
  59  5:21  Barracks Tech Lab  
  59  5:30  SCV  
  59  5:31  SCV  
  59  5:33  Terran Infantry Weapons Level 1  
  59  5:35  Siege Tank  
  64  5:43  SCV x2, Stimpack  
  64  5:49  Barracks  
  66  5:51  Refinery  
  66  5:52  Refinery  
  66  5:55  SCV x2  
  68  5:58  Barracks Reactor, Barracks Tech Lab  
  68  5:59  Orbital Command  
  68  6:03  Supply Depot  
  68  6:07  SCV x2  
  68  6:09  Marine  
  71  6:14  Supply Depot  
  71  6:16  Combat Shields  
  71  6:19  SCV x2  
  71  6:24  Missile Turret  
  73  6:25  Missile Turret  
  73  6:26  SCV  
  73  6:27  Marine  
  73  6:30  Supply Depot, Marine  
  76  6:33  Starport Reactor  
  76  6:37  Siege Tank  
  76  6:38  SCV x2  
  81  6:43  Supply Depot, Marine x2  
  81  6:45  Marine  
  84  6:50  Orbital Command  
  84  6:53  Sensor Tower  
  84  6:54  Marine  
  84  6:55  Marine x2  
  84  7:00  Barracks  
  87  7:03  Marine x2  
  89  7:10  Medivac  
  89  7:11  Medivac  
  89  7:12  Factory, Marine  
  89  7:13  Marine  
  89  7:14  SCV x2  
  89  7:15  SCV  
  95  7:26  SCV  
  90  7:31  Marine x4  
  90  7:32  Siege Tank  
  90  7:33  SCV x2  
  90  7:38  Marine  
  90  7:40  SCV  
  92  7:47  Barracks Reactor  
  92  7:48  Terran Infantry Armor Level 1  
  92  7:49  Marine  
  92  7:50  SCV  
  93  7:55  SCV, Medivac  
  93  7:56  Barracks Reactor, SCV  
  97  8:03  Medivac  
  97  8:04  Marine x2  
  101  8:06  Supply Depot  
  101  8:09  SCV x2  
  101  8:10  SCV  
  101  8:11  Refinery  
  104  8:17  Siege Tank, Marine x2  
  109  8:26  Medivac  
  111  8:27  SCV x3  
  111  8:28  Refinery  
  111  8:30  Supply Depot  
  111  8:33  Marine x2  
  111  8:34  Medivac  
  118  8:37  Marine x4  
  118  8:39  SCV  
  123  8:41  Marine x2  
  125  8:48  Supply Depot  
  125  8:51  Marine x3  
  125  8:52  Siege Tank  
  131  8:56  Armory  
  131  9:00  Engineering Bay  
  131  9:02  Marine x2  
  133  9:04  Marine x2  
  133  9:09  Marine x3  
  133  9:10  Marine x2  
  138  9:19  Marine  
  130  9:25  Marine x3  
  130  9:27  Marine x2  
  113  9:32  Marine x3  
  113  9:33  Siege Tank  
  113  9:34  Siege Tank  
  113  9:37  Marine  
  123  9:43  Marine x3  
  123  9:45  Marine  
  127  9:46  Terran Infantry Weapons Level 2  
  127  9:52  Medivac, Marine x2  
  131  10:01  Marine  
  131  10:02  Terran Infantry Armor Level 2, Marine x5  
  131  10:05  Terran Vehicle Weapons Level 1  
  131  10:06  Supply Depot  
  137  10:12  Marine x2  
  139  10:17  Supply Depot x2  
  137  10:21  Marine  
  137  10:22  Siege Tank  
  137  10:27  Medivac  
  141  10:29  Marine x3  
  111  10:45  Marine x3  
  111  10:46  Marine x3  
  111  10:47  Siege Tank, Marine  
  111  10:48  Marine  
  111  10:51  Command Center  
  111  10:52  Marine  
  111  10:54  Siege Tank, Medivac  
  117  11:02  Marine x2  
  117  11:03  Marine  
  117  11:04  Marine  
  121  11:16  Marine x4  
  125  11:19  Siege Tank  
  125  11:20  Medivac  
  125  11:24  Medivac  
  132  11:26  Widow Mine  
  117  11:33  Marine  
  117  11:34  Marine x2  
  117  11:36  Marine x2  
  117  11:37  Marine  
  117  11:38  Marine x2  
  117  11:39  Marine  
  111  11:50  Medivac  
  111  11:51  Siege Tank, Marine  
  111  11:52  Marine x2  
  119  11:54  Marine x2  
  119  11:55  Siege Tank, Marine  
  119  11:56  Marine  
  119  12:03  Terran Infantry Weapons Level 3, Marine x2  
  118  12:10  Marine x2  
  118  12:11  Medivac  
  122  12:18  Marine  
  123  12:23  Siege Tank  
  123  12:25  Marine x3  
  123  12:27  Siege Tank, Marine x2  
  133  12:34  Planetary Fortress  
  133  12:38  Marine x2  
  133  12:40  Viking  
  133  12:43  Marine x3  
  140  12:46  Marine  
  141  12:55  Siege Tank  
  141  12:58  Marine x2  
  121  12:59  Siege Tank  
  121  13:04  Marine  
  121  13:07  Marine  
  121  13:08  Marine  
  122  13:13  Marine  
  122  13:14  Marine  
  122  13:15  Marine x2  
  122  13:17  Marine  
  127  13:25  Marine x2  
  127  13:26  Medivac  
  130  13:27  Siege Tank  
  130  13:28  Marine x2  
  130  13:31  Siege Tank  
  135  13:39  Marine  
  135  13:40  Marine x3  
  139  13:46  Marine x2  
  139  13:47  Marine x2  
  139  13:48  Marine  
  144  13:57  Marine  
  144  13:58  Marine  
  144  13:59  Siege Tank  
  149  14:03  Siege Tank  
  152  14:11  Marine x2  
  152  14:12  Marine  
  152  14:17  Marine x4  
  159  14:25  Marine x2  
  159  14:27  Viking x2  
  159  14:29  Marine  
  166  14:32  Marine x2  
  166  14:35  Marine x2  
  166  14:36  Marine x2  
Tags
 
Add a new tag
Caveats
  • Supply blocks, unpowered buildings, or Contaminate may cause inaccurate times.
  • Supply counts are checked every 10 seconds.